 Dungeon Crawl Stone Soup version 0.18-a0-1747-g18c4181 (webtiles) character file.

1069 andalon the Shield-Bearer (level 8, -1/70 HPs)
             Began as a Minotaur Fighter on Apr 12, 2016.
             Splashed by a jelly's acid (5 damage)
             ... on level 6 of the Dungeon.
             The game lasted 00:24:13 (4180 turns).

andalon the Shield-Bearer (Minotaur Fighter)        Turns: 4180, Time: 00:24:14

Health: -1/70      AC:  7    Str: 22    XL:     8   Next: 7%
Magic:  7/7        EV:  9    Int:  6    God:
Gold:   298        SH: 12    Dex: 10    Spells: 0 memorised, 7 levels left

rFire  . . .     SeeInvis .     a - +1 war axe
rCold  . . .     Gourm    +     b - +0 scale mail
rNeg   . . .     Faith    .     c - +2 shield
rPois  .         Spirit   .     (helmet restricted)
rElec  .         Dismiss  .     q - +1 cloak
rCorr  .         Reflect  .     g - +0 pair of gloves
SustAt .         Harm     .     (no boots)
MR     .....                    j - amulet of the gourmand
Stlth  ..........               (no ring)
                                s - ring of wizardry

@: corroded, drained, not resistant to hostile enchantments, extremely
unstealthy
A: retaliatory headbutt, horns 2
a: no special abilities


You were on level 6 of the Dungeon.
You were completely stuffed.

You visited 2 branches of the dungeon, and saw 8 of its levels.

You collected 298 gold pieces.

Inventory:

Hand Weapons
 a - a +1 war axe (weapon)
 v - a +3 quarterstaff of chaos
Missiles
 i - 41 arrows
 p - 8 needles of confusion
Armour
 b - a +0 scale mail (worn)
 c - a +2 shield (worn)
 g - a +0 pair of gloves (worn)
 q - a +1 cloak (worn)
Jewellery
 j - an amulet of the gourmand (around neck)
 s - a ring of wizardry (left hand)
Scrolls
 e - 3 scrolls of amnesia
 m - 6 scrolls of identify
 n - 4 scrolls of fear
Potions
 d - 2 potions of might
 r - a potion of curing
 u - 4 potions of heal wounds
 x - a potion of invisibility
Books
 k - a Grand Grimoire

   Spells                             Type                      Level
   a - Monstrous Menagerie            Summoning                    7
   b - Summon Greater Demon           Summoning                    7
   c - Malign Gateway                 Summoning/Translocation      7
   d - Summon Horrible Things         Summoning                    8
 w - a book of Unlife

   Spells                             Type                      Level
   a - Recall                         Summoning/Translocation      3
   b - Animate Dead                   Necromancy                   4
   c - Control Undead                 Necromancy                   4
   d - Cigotuvi's Embrace             Necromancy                   5
   e - Death Channel                  Necromancy                   6
   f - Simulacrum                     Ice/Necromancy               6
Comestibles
 f - 5 bread rations
 h - a meat ration
 l - a slice of pizza
 o - a chunk of flesh
 t - a beef jerky


   Skills:
 * Level 6.0(5.8) Fighting
 * Level 6.2(6.0) Axes
 + Level 6.0(5.8) Armour
 + Level 3.8(3.6) Dodging
 + Level 0.1(0.0) Stealth
 + Level 6.3(6.1) Shields


You had 7 spell levels left.
You didn't know any spells.

Dungeon Overview and Level Annotations

Branches:
Dungeon (7/15)             Temple (1/1) D:4

Altars:
Ashenzari
Cheibriados
Elyvilon
Fedhas
Gozag
Kikubaaqudgha
Makhleb
Nemelex Xobeh
Pakellas
Ru
Trog
Vehumet
Xom
Zin
The Shining One

Shops:
D:4 :   D:6 (   D:7 (:


Innate Abilities, Weirdness & Mutations

You reflexively headbutt those who attack you in melee.
You have a pair of horns on your head.


Message History

An ooze, a jelly and a phantom come into view.
The jelly quivers.
The ooze quivers.
Found 12 gold pieces.
Found Puhuor's Book Shop and Zuwet's Antique Weapon Shop.
There is a stone staircase leading up here.
The ooze jiggles.
You block the jelly's attack. The phantom hits you.
* * * LOW HITPOINT WARNING * * *
The phantom blinks!
You climb upwards.
You block the gnoll sergeant's attack.
There is a stone staircase leading down here.
You can't wield that with a shield.
That item cannot be evoked!
The gnoll sergeant blocks your attack.
You hit the jelly. The acid corrodes you!
Your hands burn!
* * * LOW HITPOINT WARNING * * *
The jelly is lightly wounded.
You block the gnoll sergeant's attack. You block the jelly's attack.
The gnoll sergeant blocks your attack.
You hit the jelly.
Your hands burn!
You die...

......##.### #.........
......#....# ##........
..##.......# #########
#........ ..
##......####.......#
#........
###......##.......#
#........
######..........###........
####..................
#.J.....###........
#.@g....# #..<....∩
######### #########


You could see a gnoll sergeant and a jelly.

Vanquished Creatures
  2 orc warriors (D:6)
  A phantom (D:5)
  A scorpion (D:5)
  A wight (D:6)
  A howler monkey (D:5)
  A crimson imp (D:6)
  4 hounds
  A jelly (D:5)
  Crazy Yiuf (D:3)
  3 orc priests
  A centaur skeleton (D:4)
  An orc wizard (D:5)
  A worker ant (D:5)
  Terence (D:3)
  Natasha (thrice) (D:3)
  A hound skeleton (D:4)
  A howler monkey skeleton (D:4)
  A river rat (D:5)
  5 adders
  An adder skeleton (D:5)
  4 worms
  A dart slug (D:2)
  3 giant geckos
  11 orcs
  2 ball pythons
  5 giant cockroaches
  7 goblins
  3 hobgoblins
  7 jackals
  8 kobolds
  A quokka (D:6)
  6 bats
  7 giant newts
  12 rats
109 creatures vanquished.

Notes
Turn   | Place    | Note
--------------------------------------------------------------
     0 | D:1      | andalon the Minotaur Fighter began the quest for the Orb.
     0 | D:1      | Reached XP level 1. HP: 19/19 MP: 0/0
   161 | D:1      | Reached XP level 2. HP: 27/27 MP: 1/1
   615 | D:2      | Reached skill level 1 in Dodging
   738 | D:2      | Found a glowing golden altar of the Shining One.
   757 | D:2      | Reached XP level 3. HP: 33/33 MP: 2/2
   768 | D:2      | Found a shattered altar of Ashenzari.
   847 | D:2      | Found a snail-covered altar of Cheibriados.
  1128 | D:2      | Found a white marble altar of Elyvilon.
  1384 | D:3      | Noticed Natasha
  1389 | D:3      | Killed Natasha
  1389 | D:3      | Reached XP level 4. HP: 36/41 MP: 3/3
  1440 | D:3      | Noticed Terence
  1442 | D:3      | Noticed Natasha
  1456 | D:3      | Killed Natasha
  1458 | D:3      | Killed Terence
  1580 | D:3      | Reached XP level 5. HP: 47/47 MP: 4/4
  1746 | D:3      | Noticed Natasha
  1753 | D:3      | Killed Natasha
  2017 | D:3      | Noticed Crazy Yiuf
  2021 | D:3      | Killed Crazy Yiuf
  2223 | D:4      | Reached XP level 6. HP: 48/55 MP: 5/5
  2334 | D:4      | Reached skill level 5 in Fighting
  2390 | D:4      | Found a staircase to the Ecumenical Temple.
  2403 | Temple   | Entered the Ecumenical Temple
  2842 | D:4      | Found Obiproasi's Book Boutique.
  2971 | D:4      | Found a burning altar of Makhleb.
  3163 | D:5      | Entered Level 5 of the Dungeon
  3180 | D:5      | Reached skill level 5 in Axes
  3182 | D:5      | Reached skill level 5 in Armour
  3182 | D:5      | Reached skill level 5 in Shields
  3350 | D:5      | Found a shimmering altar of Xom.
  3457 | D:5      | Found an opulent altar of Gozag.
  3502 | D:5      | Reached XP level 7. HP: 56/61 MP: 6/6
  3564 | D:5      | Found an opulent altar of Gozag.
  3870 | D:5      | Found a glowing drain.
  4053 | D:6      | Found Niomig's Weapon Shoppe.
  4150 | D:6      | Reached XP level 8. HP: 15/70 MP: 7/7
  4176 | D:7      | Found Puhuor's Book Shop.
  4176 | D:7      | Found Zuwet's Antique Weapon Shop.
  4179 | D:6      | HP: 3/70 [acid (1)]
  4180 | D:6      | Splashed by a jelly's acid

Vault maps used:
D:1:      dpeg_arrival_tiny_a
D:2:      tso_oasis_becter, elyvilon_altar_3, cheibriados_altar_1,
          nicolae_ashenzari_panopticon
D:3:      serial_bayou, serial_bayou_ford_a, serial_bayou_shore_b,
          serial_bayou_shore_b, serial_bayou_crossing, uniq_natasha,
          uniq_terence, uniq_crazy_yiuf_cottage
D:4:      kennysheep_little_box, minmay_temple_entry_trees, serial_shops,
          nicolae_shop_behind_doors, minivault_23
D:5:      grunt_gozag_statues, old_standard_altar, portal_sewer_entry_b,
          serial_glass, glass_columns_a, glass_columns_b, glass_columns_b,
          glass_columns_a, glass_columns_b, glass_columns_b, glass_columns_b,
          glass_columns_a, glass_columns_b, glass_columns_a, glass_columns_a,
          glass_columns_a, glass_columns_a, glass_columns_b, basic_altar,
          first_bread, hangedman_decor_riveting
D:6:      serial_shops, shop, sword_in_stone
D:7:      grunt_temple_overflow_open, serial_shops, nicolae_shop_stone,
          nicolae_shop_statue_plus, kennysheep_mini_moat, shop,
          nicolae_shop_waterfront
Temple:   minmay_temple_curvy_8

Skill      XL: |  1  2  3  4  5  6  7  8 |
---------------+-------------------------+-----
Armour         | 4 5 6 |  6.0
Dodging        | 1 2 3 |  3.8
Fighting       | 4 5 6 |  6.0
Axes           | 3 4 5 6 |  6.2
Shields        | 4 5 6 |  6.3
Stealth        | |  0.1

Action                   |  1- 3 |  4- 6 |  7- 9 || total
-------------------------+-------+-------+-------++-------
Melee: War axe           |   110 |   109 |    81 ||   300
       Headbutt          |     6 |    23 |    19 ||    48
  Use: Scroll            |    10 |     3 |     2 ||    15
       Potion            |     3 |     3 |       ||     6
 Stab: Invisible         |     1 |       |       ||     1
  Eat: Chunk             |     2 |    17 |     3 ||    22
Armor: Scale mail        |    45 |    50 |    28 ||   123
Dodge: Dodged            |    40 |    32 |    24 ||    96
Block: Shield            |    69 |    95 |    74 ||   238
